 Dungeon Crawl Stone Soup version 0.29-a0-844-ge8845773e3 (webtiles) character file.

Game seed: 3058336000219443374

66046 Gargoyl the Peltast (level 15, -4/94 HPs)
             Began as a Gargoyle Berserker on July 15, 2022.
             Was an Elder of Trog.
             Slain by Rupert
             ... wielding a +3 great mace of distortion
              (20 damage)
             ... on level 13 of the Dungeon.
             The game lasted 00:31:12 (23573 turns).

Gargoyl the Peltast (Gargoyle Berserker)           Turns: 23573, Time: 00:31:13

Health: -4/94      AC: 28    Str: 23    XL:     15   Next: 18%
Magic:  15/15      EV: 17    Int: 16    God:    Trog [****..]
Gold:   1621       SH: 14    Dex: 17    Spells: 14/14 levels left

rFire   . . .      SeeInvis +   q - +3 mace of Jaorituu {venom, Int+7 Dex+4}
rCold   . . .      Faith    .   b - +1 buckler
rNeg    + . .      Spirit   .   r - +0 steam dragon scales
rPois   ∞          Reflect  +   l - +2 helmet
rElec   +          Harm     .   y - +1 cloak
rCorr   +          Rampage  .   a - +2 pair of gloves
Will    +....      Clarity  +   (no boots)
Stlth   ++++......              h - amulet of reflection
HPRegen 0.25/turn               p - ring of see invisible
MPRegen 0.14/turn               A - ring of resist corrosion

@: flying
A: sickness immunity, AC +11, big wings, negative energy resistance 1,
electricity resistance, torment resistance 1, petrification resistance,
iridescent scales 1, clarity, passive freeze
a: Renounce Religion, Berserk, Trog's Hand, Brothers in Arms


You were on level 13 of the Dungeon.
You worshipped Trog.
Trog was greatly pleased with you.
You visited 2 branches of the dungeon, and saw 19 of its levels.
You also visited: Ossuary and Ice Cave.

You collected 1621 gold pieces.

Inventory:

Hand Weapons
 q - the +3 mace of Jaorituu (weapon) {venom, Int+7 Dex+4}
   (You found it on level 3 of the Dungeon)

   It poisons the flesh of those it strikes.
   Int:       It affects your intelligence (+7).
   Dex:       It affects your dexterity (+4).
 s - the +7 long sword of the Swamp {vorpal, rC+ Will++}
   (You found it on level 3 of the Lair of Beasts)

   It inflicts extra damage upon your enemies.
   rC:        It protects you from cold.
   Will:      It greatly increases your willpower.
 D - the +6 spear of Accidental Termination {drain, +Blink}
   (You took it off a spriggan rider on level 12 of the Dungeon)

   A truly terrible weapon, it drains the life of any living foe it strikes.
   +Blink:    It lets you blink.
 M - a +1 vorpal trident
 N - a +3 hand axe of flaming
 U - the +2 Maxwell's thermic engine {flame, freeze}
   (You found it in an ice cave)

   It burns those it strikes, dealing additional fire damage.
   Big, fiery blades are also staple armaments of hydra-hunters.
   It freezes those it strikes, dealing additional cold damage.
   It can also slow down cold-blooded creatures.
   It becomes more effective when it hits something.
   This effect fades over time.
Missiles
 c - 9 boomerangs
 I - a throwing net
 P - 2 curare-tipped darts (quivered)
Armour
 a - a +2 pair of gloves (worn)
 b - a +1 buckler (worn)
 l - a +2 helmet (worn)
 r - +0 steam dragon scales (worn)
 y - a +1 cloak (worn)
 T - +0 ice dragon scales
Jewellery
 h - an amulet of reflection (around neck)
 p - a ring of see invisible (left hand)
 t - a ring of willpower
 A - a ring of resist corrosion (right hand)
 S - a ring of ice
Wands
 i - a wand of iceblast (14)
 w - a wand of mindburst (7)
 x - a wand of light (1)
 F - a wand of paralysis (15)
 J - a wand of flame (3)
 R - a wand of digging (6)
Scrolls
 o - 11 scrolls of teleportation
 v - 2 scrolls of magic mapping
 B - 2 scrolls of identify
 C - 4 scrolls of fear
 K - a scroll of fog
 O - 5 scrolls of poison
 Q - a scroll of enchant weapon
Potions
 d - 4 potions of might
 e - 2 potions of cancellation
 f - 5 potions of haste
 g - 5 potions of heal wounds
 j - 10 potions of brilliance
 k - 10 potions of curing
 m - a potion of ambrosia
 n - 3 potions of magic
 u - 5 potions of berserk rage
 z - 7 potions of mutation
 G - 4 potions of flight
 H - 3 potions of lignification
 L - a potion of resistance


   Skills:
 + Level 11.1 Fighting
 + Level 2.1(3.1) Short Blades
 + Level 3.4(3.8) Long Blades
 + Level 3.1(8.9) Axes
 + Level 14.0(14.2) Maces & Flails
 + Level 0.2 Throwing
 + Level 7.5 Armour
 + Level 9.8 Dodging
 + Level 6.6 Stealth
 + Level 15.1 Shields
 + Level 1.7 Unarmed Combat


You had 14 spell levels left.
You didn't know any spells.
Your spell library was empty.

Dungeon Overview and Level Annotations

Branches:
Dungeon (13/15)            Temple (0/1) D:4            Lair (6/6) D:10
 Shoals (0/4) Lair:4       Spider (0/4) Lair:2        Slime (0/5) Lair:6
    Orc (0/2) D:12        Ossuary (visited)           IceCv (visited)
 Vaults: D:13-14

Altars:
Ashenzari
Kikubaaqudgha
Nemelex Xobeh
Zin
Jiyva

Shops:
D:7 [

Annotations:
D:13 1 transporter, Rupert


Innate Abilities, Weirdness & Mutations

You are immune to sickness and miasma.
Your stone body is resilient. (AC +11)
You are immune to poison.
Your large and strong wings let you fly.
You resist negative energy. (rN+)
You are resistant to electric shocks. (rElec)
You are resistant to unholy torment.
You are immune to petrification.
You are partially covered in iridescent scales. (AC +2)
You possess an exceptional clarity of mind.
A frigid envelope surrounds you and freezes all who hurt you.


Message History

Rupert is lightly wounded.
You block the salamander's attack. You block Rupert's attack.
Unknown command.
You hit Rupert but do no damage.
Rupert looks as sick as possible!
Rupert is lightly wounded.
Rupert hits you with a +3 great mace of distortion!!
Space warps around you.
Rupert is very cold.
Rupert is moderately wounded.
You closely miss Rupert.
Rupert is moderately wounded.
The salamander hits you but does no damage.
The salamander is very cold.
The salamander is lightly wounded.
Rupert hits you but does no damage. Space warps around you.
Rupert is very cold.
Rupert is moderately wounded.
You hit Rupert but do no damage.
Rupert looks as sick as possible!
Rupert is moderately wounded.
Rupert hits you with a +3 great mace of distortion!!
* * * LOW HITPOINT WARNING * * *
Space warps horribly around you!!
* * * LOW HITPOINT WARNING * * *
Rupert is very cold.
Rupert is moderately wounded.
The salamander hits you but does no damage.
The salamander is frozen!
The salamander is very cold.
The salamander is moderately wounded.
Okay, then.
Okay, then.
Okay, then.
Okay, then.
You feel much better. You block Rupert's attack.
The salamander closely misses you.
You feel much better. Rupert hits you but does no damage.
Space warps horribly around you!!
* * * LOW HITPOINT WARNING * * *
Rupert is very cold.
Rupert is moderately wounded.
Rupert hits you with a +3 great mace of distortion!!
You die...

##+## ## #...# ..
#...# .# # #...# ##
.# ....###))##
##.##.# #.≈≈≈≈≈≈
#.....###### #.≈≈≈≈≈≈
#.#..@N.....#
##.≈≈≈≈≈
#...@............≈≈≈≈
#
##.#.#######.........
.>..
#.###########.#.#.
##..#...$...# ##.#..
#......###.# ##.#.
##.###.# ###. #. #.#
#. # #.# # ## #.# .#
######


You could see Rupert (berserk, extremely poisoned) and a salamander shaped
shifter.

Vanquished Creatures
  Gastronok (Lair:2)
  A reaper (IceCv)
  The ghost of Ataumnicw the Unseen, a journeyman SpEn of Dithmenos (D:12)
  4 hydras
  2 centaur warriors (D:13)
  A rakshasa (D:13)
  A vault guard (D:13)
  3 boulder beetles
  A merfolk avatar (Lair:6)
  A catoblepas (Lair:5)
  11 death yaks
  A two-headed ogre (D:10)
  Amaemon (Lair:2)
  A sea snake (Lair:6)
  Pikel (D:8)
  3 harpies (Lair:6)
  A deep elf pyromancer (D:12)
  An orc knight (D:13)
  2 ugly things
  3 cyclopes
  2 ice statues (IceCv)
  7 elephants
  4 black mambas
  12 cane toads
  An orange demon (Lair:2)
  Maggie (Lair:1)
  3 rime drakes
  Psyche (D:8)
  2 unseen horrors
  A yaktaur (D:13)
  A torpor snail (Lair:4)
  10 komodo dragons
  An entropy weaver simulacrum (IceCv)
  7 ice devils (IceCv)
  5 polar bears
  3 trolls
  A wind drake (Lair:6)
  3 hornets
  Prince Ribbit (Lair:1)
  18 blink frogs
  10 slime creatures
  A snapping turtle (Lair:6)
  2 spriggans (D:12)
  A jumping spider (Lair:2)
  4 shadows
  4 wraiths
  A dire elephant simulacrum (IceCv)
  45 yaks
  5 basilisks
  4 wyverns
  Menkaure (D:7)
  2 death yak simulacra
  A harpy simulacrum (IceCv)
  An acid dragon (D:10)
  15 water moccasins
  6 orc warriors
  2 ice beasts
  4 black bears
  3 ogres
  13 wolves
  5 centaurs
  A kobold brigand (D:7)
  19 bullfrogs
  A necrophage (D:7)
  5 gnoll sergeants
  A two-headed ogre simulacrum (IceCv)
  2 scorpions (D:5)
  2 cane toad simulacra
  3 water moccasin zombies (Ossuary)
  3 wights (D:9)
  An elephant simulacrum (IceCv)
  15 killer bees
  4 howler monkeys
  10 orc priests
  A hound (D:5)
  4 jellies
  Crazy Yiuf (D:4)
  An iguana (D:4)
  14 orc wizards
  A spriggan simulacrum (IceCv)
  2 polar bear simulacra (D:13)
  3 troll simulacra (IceCv)
  7 wolf simulacra
  2 mummies (Ossuary)
  25 gnolls
  7 adders
  3 naga simulacra (IceCv)
  A white imp (IceCv)
  5 ufetubi
  6 adder zombies (Ossuary)
  7 worms
  61 orcs
  4 bats
  9 endoplasms
  8 giant cockroaches
  8 hobgoblins
  5 jackals
  12 kobolds
  2 quokkas
  6 ball pythons
  4 frilled lizards
  2 gnoll zombies (Ossuary)
  5 goblins
  6 hobgoblin zombies (Ossuary)
  8 kobold zombies (Ossuary)
  2 orc zombies (Ossuary)
  6 rats
560 creatures vanquished.

Vanquished Creatures (collateral kills)
  The ghost of Gargoyl the Cleaver, a journeyman GrBe of Trog (Lair:2)
  A gargoyle (D:10)
  A bullfrog (Lair:2)
  2 howler monkeys (D:10)
5 creatures vanquished.

Vanquished Creatures (others)
  Sonja (Lair:5)
  An orc wizard (D:6)
  8 fungi
  45 plants
55 creatures vanquished.

Grand Total: 620 creatures vanquished

Notes
Turn   | Place    | Note
-------+----------+-------------------------------------------
     0 | D:1      | Gargoyl the Gargoyle Berserker began the quest for the Orb.
     0 | D:1      | Reached XP level 1. HP: 14/14 MP: 1/1
   545 | D:1      | Reached XP level 2. HP: 18/19 MP: 2/2
  1368 | D:1      | Reached XP level 3. HP: 24/24 MP: 3/3
  2431 | D:2      | Reached ** piety under Trog
  2438 | D:2      | Reached skill level 1 in Short Blades
  2512 | D:2      | Reached XP level 4. HP: 29/29 MP: 4/4
  2521 | D:2      | Gained mutation: You possess an exceptional clarity of
                  | mind. [potion of mutation]
  2521 | D:2      | Gained mutation: You are partially covered in iridescent
                  | scales. (AC +2) [potion of mutation]
  2521 | D:2      | Gained mutation: A frigid envelope surrounds you and
                  | freezes all who hurt you. [potion of mutation]
  3279 | D:3      | Found a faded altar of an unknown god.
  3286 | D:3      | Reached XP level 5. HP: 33/33 MP: 5/5
  3355 | D:3      | Identified the +5 mace "Itzaubraad" {vorpal, rElec}
  3378 | D:3      | Identified the +3 mace of Jaorituu {venom, Int+7 Dex+4}
  3919 | D:4      | Reached skill level 1 in Shields
  3924 | D:4      | Reached *** piety under Trog
  3925 | D:4      | Reached skill level 1 in Stealth
  4020 | D:4      | Reached XP level 6. HP: 38/38 MP: 6/6
  4028 | D:4      | Identified the +0 robe of Failure {rF+ Str+3 Slay-5}
  4087 | D:4      | Found a staircase to the Ecumenical Temple.
  4099 | D:4      | Reached skill level 1 in Maces & Flails
  4099 | D:4      | Reached skill level 2 in Shields
  4212 | D:4      | Found a sand-covered staircase.
  4243 | Ossuary  | Entered an ossuary
  4366 | Ossuary  | Reached XP level 7. HP: 29/44 MP: 7/7
  4371 | Ossuary  | Reached skill level 3 in Shields
  4735 | D:4      | Found a runed translucent door.
  4736 | D:4      | Noticed Crazy Yiuf
  4896 | D:4      | Killed Crazy Yiuf
  4954 | D:5      | Entered Level 5 of the Dungeon
  5034 | D:5      | Reached skill level 5 in Fighting
  5131 | D:5      | Reached XP level 8. HP: 49/49 MP: 8/8
  5516 | D:5      | Reached **** piety under Trog
  5769 | D:5      | Reached skill level 5 in Maces & Flails
  6173 | D:6      | Reached skill level 4 in Shields
  6379 | D:6      | Reached skill level 5 in Armour
  7200 | D:7      | Reached XP level 9. HP: 52/55 MP: 9/9
  7318 | D:7      | Noticed Menkaure
  7330 | D:7      | Killed Menkaure
  7473 | D:7      | Found Gixen's Armour Boutique.
  7990 | D:8      | Reached skill level 5 in Shields
  8279 | D:8      | Reached ***** piety under Trog
  8354 | D:8      | Noticed Psyche
  8360 | D:8      | Found a broken altar of Ashenzari.
  8365 | D:8      | Killed Psyche
  8366 | D:8      | Reached skill level 6 in Shields
  8366 | D:8      | Found an ancient bone altar of Kikubaaqudgha.
  8366 | D:8      | Found a glowing silver altar of Zin.
  8586 | D:8      | Reached XP level 10. HP: 60/61 MP: 10/10
  8647 | D:8      | Noticed Pikel
  8656 | D:8      | Killed Pikel
  8657 | D:8      | Reached skill level 1 in Unarmed Combat
  9141 | D:9      | Reached skill level 7 in Shields
  9879 | D:9      | Reached skill level 8 in Shields
 10037 | D:10     | Entered Level 10 of the Dungeon
 10037 | D:10     | Noticed a gargoyle
 10047 | D:10     | Killed a gargoyle
 10204 | D:10     | Noticed an unseen horror
 10216 | D:10     | Killed an unseen horror
 10290 | D:10     | Reached skill level 5 in Dodging
 10290 | D:10     | Reached XP level 11. HP: 54/67 MP: 11/11
 10297 | D:10     | Reached skill level 9 in Shields
 10425 | D:10     | Noticed a death yak
 10426 | D:10     | Found a staircase to the Lair.
 10426 | D:10     | Noticed a death yak
 10427 | D:10     | Noticed a death yak
 10427 | D:10     | Noticed a death yak
 10427 | D:10     | Noticed a death yak
 10446 | D:10     | Killed a death yak
 10459 | D:10     | Killed a death yak
 10474 | D:10     | Killed a death yak
 10487 | D:10     | Killed a death yak
 10498 | D:10     | Killed a death yak
 10499 | D:10     | Reached skill level 10 in Maces & Flails
 10747 | D:10     | Found a flagged portal.
 10758 | D:10     | Noticed a two-headed ogre
 10764 | D:10     | Reached skill level 10 in Shields
 10804 | D:10     | Killed a two-headed ogre
 11189 | Lair:1   | Entered Level 1 of the Lair of Beasts
 11189 | Lair:1   | Noticed Maggie
 11211 | Lair:1   | Killed Maggie
 11212 | Lair:1   | Reached XP level 12. HP: 32/74 MP: 12/12
 11680 | Lair:1   | Noticed Prince Ribbit
 11698 | Lair:1   | Killed Prince Ribbit
 12289 | Lair:2   | Reached skill level 11 in Shields
 12318 | Lair:2   | Noticed Amaemon
 12328 | Lair:2   | Killed Amaemon
 12369 | Lair:2   | Found a transporter.
 12374 | Lair:2   | Noticed Gargoyl's ghost (journeyman GrBe)
 12379 | Lair:2   | Noticed a death yak
 12392 | Lair:2   | Noticed a seven-headed hydra
 12410 | Lair:2   | Found a hole to the Spider Nest.
 12413 | Lair:2   | Noticed Gastronok
 12442 | Lair:2   | Killed Gastronok
 12544 | Lair:2   | Found a transporter.
 13122 | Lair:2   | Killed a seven-headed hydra
 13144 | Lair:2   | Killed a death yak
 13168 | Lair:2   | Killed Gargoyl's ghost
 13169 | Lair:2   | Reached skill level 12 in Shields
 13317 | Lair:2   | Reached XP level 13. HP: 80/80 MP: 13/13
 13701 | Lair:3   | Identified the +7 long sword of the Swamp {vorpal, rC+
                  | Will++}
 14380 | Lair:4   | Found a staircase to the Shoals.
 14959 | Lair:5   | Reached skill level 5 in Stealth
 14964 | Lair:5   | Reached skill level 13 in Shields
 15942 | Lair:5   | Noticed Sonja
 15961 | Lair:5   | Killed Sonja
 16070 | Lair:5   | Reached skill level 10 in Fighting
 16222 | Lair:5   | Gained mutation: Your large and strong wings let you fly.
                  | [Gargoyle growth]
 16222 | Lair:5   | Reached XP level 14. HP: 88/88 MP: 14/14
 16649 | Lair:6   | Entered Level 6 of the Lair of Beasts
 17094 | Lair:6   | Reached skill level 14 in Shields
 17359 | Lair:6   | Found a staircase to the Slime Pits.
 17359 | Lair:6   | Found a viscous altar of Jiyva.
 17529 | Lair:6   | Found the +12 pair of quick blades "Gyre" and "Gimble"
                  | {protect}
 18947 | D:12     | Found a runed translucent door.
 18950 | D:12     | Noticed Ataumnicw's ghost (journeyman SpEn)
 18950 | D:12     | Identified the +6 spear of Accidental Termination {drain,
                  | +Blink}
 19231 | D:12     | Found a staircase to the Orcish Mines.
 19678 | D:12     | Received a gift from Trog
 20694 | D:12     | Killed Ataumnicw's ghost
 21149 | D:13     | Found a frozen archway.
 21175 | IceCv    | Entered an ice cave
 21871 | IceCv    | Reached skill level 1 in Long Blades
 22480 | IceCv    | Reached XP level 15. HP: 94/94 MP: 15/15
 22756 | IceCv    | Found the +2 Maxwell's thermic engine {flame, freeze}
 23237 | D:13     | Found a sparkling altar of Nemelex Xobeh.
 23277 | D:13     | Reached skill level 15 in Shields
 23480 | D:13     | Identified the +9 trident "Guedam" {vorpal, rC+}
 23524 | D:13     | Found a transporter.
 23556 | D:13     | Noticed Rupert
 23561 | D:13     | Paralysed by Rupert for 2 turns
 23571 | D:13     | HP: 3/94 [Rupert/+3 great mace of distortion (23)]
 23573 | D:13     | Slain by Rupert

Illustrated notes

Levels and vault maps discovered:
D:1:      minmay_arrival_nine_rooms, layout_basic
D:2:      layout_loops_corners, grunt_ministairs_14
D:3:      layout_basic, nicolae_ecumenical_snake_handling
D:4:      layout_cave_pools, minmay_temple_entry_grid, enter_ossuary_1,
          mrwooster_statue_mirror, nicolae_wormholes, uniq_crazy_yiuf_cottage
D:5:      layout_basic
D:6:      layout_layer_cave
D:7:      layout_cave_pods, serial_shops, nicolae_shop_behind_doors,
          uniq_menkaure
D:8:      layout_loops_cross, chequers_temple_overflow_statue_of_worship,
          uniq_pikel, uniq_psyche
D:9:      layout_loops_cross, minmay_misc_feat_room, eino_jars
D:10:     layout_small_grid, dpeg_lair_monsters, enter_bailey_2
D:11:     layout_basic, minmay_misc_feat_pillars, nicolae_eternal_life,
          dk_noncrumbling_4
D:12:     layout_loops_ring, hiddenorc2_lemuel, ebering_ghost_funeral_grove
D:13:     layout_loops_ring, grunt_vaults_entry_fortified,
          portal_ice_cave_entry_ice_simulacra, gammafunk_ghost_mausoleum,
          nemelex_diamond_rough_becter, uniq_rupert, uniq_snorg
Lair:1:   layout_roguey, lemuel_fruit_tree, lemuel_fruit_fields,
          infiniplex_staircase_pool_2, grunt_megastairs_5, uniq_prince_ribbit2,
          uniq_maggie
Lair:2:   layout_long_grid, spider_nest_entry_rubble, nzn_ghost_randoct,
          uniq_gastronok, uniq_amaemon
Lair:3:   layout_misc_corridors
Lair:4:   layout_cave_pods, elwin_shoals_entry_rocks
Lair:5:   layout_long_grid, st_stairs_4, lemuel_fruit_fields, uniq_sonja
Lair:6:   gammafunk_lair_ancient_temple, layout_cave_pods, slime_entry_1

Skill      XL: |  1  2  3  4  5  6  7  8  9 10 11 12 13 14 15 |
---------------+----------------------------------------------+-----
Axes           | 3 |  3.1
Fighting       | 4 5 6 7 8 9 10 11 | 11.1
Short Blades   | 1 2 |  2.1
Armour         | 3 4 5 6 7 |  7.5
Dodging        | 2 3 4 5 7 8 9 |  9.8
Shields        | 1 2 3 4 6 8 10 12 13 14 15 | 15.1
Stealth        | 1 2 3 4 6 |  6.6
Maces & Flails | 2 4 6 7 8 10 11 12 14 | 14.0
Unarmed Combat | 1 |  1.7
Long Blades    | 1 3 |  3.4
Throwing       | |  0.2

Action                   |  1- 3 |  4- 6 |  7- 9 | 10-12 | 13-15 || total
-------------------------+-------+-------+-------+-------+-------++-------
Melee: Dagger            |   112 |    42 |       |       |       ||   154
       Hand axe          |     1 |       |       |       |       ||     1
       Punch             |     2 |       |       |       |       ||     2
       Mace              |       |   107 |   238 |   501 |  1135 ||  1981
       Unarmed           |       |       |    14 |       |       ||    14
       Long sword        |       |       |       |       |   240 ||   240
Throw: Dart              |       |       |       |       |     3 ||     3
       Boomerang         |       |       |       |       |     1 ||     1
Invok: Berserk           |     1 |     1 |     1 |     5 |     5 ||    13
       Trog's Hand       |       |     1 |     2 |    11 |    15 ||    29
       Brothers in Arms  |       |       |       |     3 |     1 ||     4
  Use: Scroll            |     3 |     7 |     7 |    10 |    13 ||    40
       Potion            |       |     1 |       |       |     3 ||     4
 Stab: Sleeping          |       |       |       |     4 |     9 ||    13
       Petrified         |       |       |       |       |     6 ||     6
       Petrifying        |       |       |       |       |     1 ||     1
Armor: Animal skin       |    14 |       |       |       |       ||    14
       Ring mail         |    15 |    51 |    97 |    86 |       ||   249
       Skin              |       |       |     1 |       |       ||     1
       Steam dragon scal |       |       |       |    80 |   492 ||   572
Dodge: Dodged            |    43 |    40 |    95 |   250 |   676 ||  1104
Block: Other             |    10 |       |       |       |       ||    10
       Buckler           |     3 |    81 |   162 |   395 |   932 ||  1573
       Reflection        |     1 |     3 |     2 |     2 |    20 ||    28

Table legend: (Time is in decaauts)
 A = Elapsed time spent in this place.
 B = Non-inter-level travel time spent in this place.
 C = Inter-level travel time spent in this place.
 D = Time resting spent in this place.
 E = Time spent auto-exploring this place.
 F = Levels seen in this place.
 G = Mean time per level.
                   A        B        C        D        E       F      G
               +--------+--------+--------+--------+--------+-----+--------+
         Total |  23523 |  22654 |    869 |   1759 |  15638 |  21 | 1120.1 |
       Dungeon |  14559 |  13952 |    607 |    485 |  10556 |  13 | 1119.9 |
          Lair |   6770 |   6509 |    261 |    537 |   4297 |   6 | 1128.3 |
       Ossuary |    410 |    410 |      0 |      0 |    223 |   1 |  410.0 |
      Ice Cave |   1783 |   1783 |      0 |    736 |    561 |   1 | 1783.0 |
               +--------+--------+--------+--------+--------+-----+--------+

Top non-repeatable levels by time:
     D:1: 2067 daAuts
    D:12: 1907 daAuts
   IceCv: 1783 daAuts
  Lair:6: 1436 daAuts
  Lair:5: 1349 daAuts
    D:10: 1312 daAuts
  Lair:4: 1228 daAuts
  Lair:2: 1213 daAuts
     D:7: 1102 daAuts
     D:9: 1092 daAuts
     D:2: 1089 daAuts
     D:6: 1008 daAuts
     D:8: 976 daAuts
  Lair:1: 949 daAuts
     D:5: 928 daAuts
